 Dungeon Crawl Stone Soup version 0.21-a0-286-g6fcecc0 (webtiles) character file.

195 tidbits the Grave Robber (level 5, -3/38 HPs)
             Began as a Draconian Necromancer on Sept 25, 2017.
             Slain by a howler monkey (6 damage)
             ... on level 5 of the Dungeon.
             The game lasted 00:09:59 (1653 turns).

tidbits the Grave Robber (Draconian Necromancer)    Turns: 1653, Time: 00:09:59

Health: -3/38      AC:  5    Str: 16    XL:     5   Next: 45%
Magic:  8/10       EV: 12    Int: 16    God:
Gold:   119        SH:  0    Dex: 11    Spells: 2/10 levels left

rFire    . . .     SeeInvis .   c - +2 short sword (protect)
rCold    . . .     Gourm    .   (no shield)
rNeg     . . .     Faith    .   (armour unavailable)
rPois    .         Spirit   .   (helmet restricted)
rElec    .         Reflect  .   (no cloak)
rCorr    .         Harm     .   (no gloves)
MR       .....                  (no boots)
Stlth    ++........             (no amulet)
HPRegen  0.12/turn              (no ring)
MPRegen  0.12/turn              (no ring)

@: mighty
A: unfitting armour, cold-blooded, AC +5
a: no special abilities


You were on level 5 of the Dungeon.
You were not hungry.

You visited 1 branch of the dungeon, and saw 6 of its levels.

You collected 119 gold pieces.

Inventory:

Hand Weapons
 c - a +2 short sword of protection (weapon)
   (You took it off a kobold on level 1 of the Dungeon)
 p - a +0 long sword
Missiles
 e - 46 sling bullets
 k - 22 arrows
Wands
 t - a wand of lightning (8/15)
Scrolls
 f - a scroll of fog {unknown}
 h - 5 scrolls of teleportation
 j - a scroll of remove curse {unknown}
 l - a scroll of identify {unknown}
 o - a scroll of random uselessness {unknown}
 q - a scroll of noise {unknown}
Potions
 d - a potion of magic
 i - 2 potions of might
 m - 2 potions of resistance {unknown}
 s - a potion of agility {unknown}
Books
 a - a book of Necromancy

   Spells                             Type                      Level
   a - Pain                           Necromancy                   1
   b - Animate Skeleton               Necromancy                   1
   c - Vampiric Draining              Necromancy                   3
   d - Regeneration                   Charms/Necromancy            3
   e - Animate Dead                   Necromancy                   4
   f - Control Undead                 Necromancy                   4
 r - a book of Frost
   (You found it on level 5 of the Dungeon)

   Spells                             Type                      Level
   a - Freeze                         Ice                          1
   b - Throw Frost                    Conjuration/Ice              2
   c - Ozocubu's Armour               Charms/Ice                   3
   d - Throw Icicle                   Conjuration/Ice              4
   e - Summon Ice Beast               Ice/Summoning                4
Comestibles
 b - a bread ration
 g - 3 royal jellies
 n - a meat ration
 u - 2 chunks of flesh


   Skills:
 - Level 1.7 Dodging
 - Level 1.7 Stealth
 + Level 3.4 Spellcasting
 * Level 6.0 Necromancy


You had 2 spell levels left.
You knew the following spells:

 Your Spells              Type           Power        Failure   Level  Hunger
a - Pain                  Necr           ###.         1%          1    None
n - Animate Skeleton      Necr           N/A          1%          1    None
r - Regeneration          Chrm/Necr      ##........   16%         3    ###....
v - Vampiric Draining     Necr           ###.......   4%          3    ###....


Dungeon Overview and Level Annotations

Branches:
Dungeon (6/15)
 Temple: D:4-7

Altars:
Trog

Annotations:
D:3 Grinder
D:4 anet's ghost, amateur DEWz
D:5 tidbits's ghost, amateur DrNe


Innate Abilities, Weirdness & Mutations

Your plain brown scales are hard. (AC +5)
You cannot fit into any form of body armour.
You are cold-blooded and may be slowed by cold attacks.


Message History

i - 3 glowing sapphire potions (gained 1) Tidbits's ghost (amateur Draconian Necromancer) comes into view.
Press: ? - help, . - travel You can't see that place.
You found a teleport trap!
Really walk into that teleport trap?
You enter a teleport trap!
The teleport trap disappears.
Your surroundings suddenly seem different.
You are feeling hungry.
Magic restored.
Sorry, I don't know how to traverse that place.
Unknown command.
There is a stone staircase leading down here.
Found 2 stones.
Found 12 gold pieces.
You now have 119 gold pieces (gained 12).
There is a stone staircase leading up here.
You climb upwards.
Level annotation: anet's ghost, amateur DEWz The jackal bites you.
The jackal completely misses you. Anet's ghost casts a spell at you.
The ball explodes into a vile cloud!
The stinking cloud engulfs you!
The stinking cloud engulfs the jackal. x2; The jackal closely misses you.
The jackal bites you but does no damage.
Anet's ghost mumbles some strange words.
Anet's ghost blinks!
There is a stone staircase leading down here.
You are engulfed in noxious fumes.
The jackal bites you but does no damage.
The jackal closely misses you.
Anet's ghost gestures at you while chanting.
The ball explodes into a vile cloud!
The stinking cloud engulfs the jackal.
The stinking cloud engulfs you! The jackal closely misses you.
The jackal barely misses you.
You climb downwards.
Level annotation: tidbits's ghost, amateur DrNe
There is a stone staircase leading up here.
The jackal barely misses you. The jackal closely misses you.
Casting: Vampiric Draining
Confirm with . or Enter, or press ? or * to list all spells.
Aiming: Pain
Press: ? - help, Shift-Dir - straight line, f - jackal
Aim: a jackal (chance to defeat MR: 91%)
The jackal writhes in agony!
The jackal bites you.
Casting: Pain
Confirm with . or Enter, or press ? or * to list all spells.
Aiming: Pain
Press: ? - help, Shift-Dir - straight line, f/p - jackal
Aim: a jackal (moderately wounded, chance to defeat MR: 91%)
The jackal writhes in agony!
You kill the jackal!
Casting: Pain
Confirm with . or Enter, or press ? or * to list all spells.
Aiming: Pain
Press: ? - help, Shift-Dir - straight line, f - jackal
Aim: a jackal (chance to defeat MR: 91%)
The jackal writhes in agony!
You kill the jackal!
Your Necromancy skill increases to level 6!
You see here a jackal corpse.
Casting: Pain
Confirm with . or Enter, or press ? or * to list all spells.
You attempt to give life to the dead...
Before your eyes, flesh is ripped from the corpse!
The dead are walking!
u - 3 chunks of flesh Eat one of 3 chunks of flesh? (ye/n/q)
You eat one of the 3 chunks of flesh.
This raw flesh tastes terrible.
There is a stone staircase leading down here.
You climb downwards.
Your mindless thrall stays behind.
An adder, a worker ant and an orc come into view.
The worker ant twitches its antennae in your direction.
The orc hits you with a hand axe. The howler monkey hits you.
The centaur wields a shortbow.
The centaur shoots an arrow.
The arrow hits you!
* * * LOW HITPOINT WARNING * * *
The orc hits you with a flail.
* * * LOW HITPOINT WARNING * * *
The howler monkey hits you.
* * * LOW HITPOINT WARNING * * *
The orc hits you but does no damage.
The orc shouts!
There is a stone staircase leading up, spattered with blood here.
You see here an arrow.
The howler monkey completely misses you.
The centaur shoots an arrow.
The arrow hits you!
* * * LOW HITPOINT WARNING * * *
The orc barely misses you. The orc closely misses you.
You climb upwards.
Level annotation: tidbits's ghost, amateur DrNe
There is a stone staircase leading down here.
Okay, then.
It was a potion of might.
You feel very mighty all of a sudden.
The howler monkey hoots and howls with incredible vigour!
The orc hits your jackal skeleton with a hand axe!
Your jackal skeleton is destroyed!
The orc misses you.
You closely miss the howler monkey. The howler monkey hits you.
You die...

#.# #.....#.# #.#######.#
#.#######.#.# #.# #.#
#...........# .#.# #[#
#########.###..#.#######.######
#########.###..#..............
#............(.#.#######....# #..
#.#####.....##.#.#... .....# #..
#.#............#o#.######...###..
#.##........####@.o..............
#.#####....<...h##.######...###..
#...........###.##.# #...# #..
#########.#...#.##.# #...###..
........#.#.#.#.##.# #........
######.##.#.#.#.##.# #........
#........#.##.# ##....)..
####.#.###.##.# #....... #####
#.#......#.# #.......


You could see a howler monkey and 2 orcs.

Vanquished Creatures
  A scorpion (D:4)
  A hound (D:5)
  Terence (D:2)
  A hound skeleton (D:5)
  3 adders
  An ooze (D:2)
  An adder skeleton (D:5)
  A worm (D:2)
  2 dart slugs (D:1)
  2 leopard geckos (D:5)
  2 bats (D:2)
  3 giant cockroaches
  5 goblins
  5 hobgoblins
  2 jackals (D:5)
  3 kobolds (D:1)
  A quokka (D:4)
  A ball python (D:1)
  2 frilled lizards
  3 rats
41 creatures vanquished.

Notes
Turn   | Place    | Note
-------+----------+-------------------------------------------
     0 | D:1      | tidbits the Draconian Necromancer began the quest for the Orb.
     0 | D:1      | Reached XP level 1. HP: 14/14 MP: 3/3
   195 | D:1      | Reached XP level 2. HP: 17/20 MP: 0/5
   496 | D:1      | Learned a level 1 spell: Animate Skeleton
   528 | D:1      | HP: 1/20 [hobgoblin/club (1)]
   737 | D:2      | Noticed Terence
   752 | D:2      | Killed Terence
   752 | D:2      | Reached XP level 3. HP: 26/26 MP: 7/7
   859 | D:3      | Noticed Grinder
   933 | D:2      | Reached skill level 5 in Necromancy
   938 | D:2      | Learned a level 3 spell: Vampiric Draining
   950 | D:2      | Reached XP level 4. HP: 28/33 MP: 0/8
   955 | D:2      | Learned a level 3 spell: Regeneration
  1156 | D:3      | Found a bloodstained altar of Trog.
  1219 | D:4      | Reached skill level 3 in Spellcasting
  1330 | D:5      | Entered Level 5 of the Dungeon
  1333 | D:5      | Reached XP level 5. HP: 27/38 MP: 5/9
  1456 | D:4      | Noticed anet's ghost (amateur DEWz)
  1467 | D:6      | Noticed an orc warrior
  1469 | D:6      | Noticed a centaur
  1516 | D:5      | Noticed tidbits's ghost (amateur DrNe)
  1639 | D:5      | Reached skill level 6 in Necromancy
  1650 | D:6      | HP: 2/38 [centaur/arrow (8)]
  1653 | D:5      | Slain by a howler monkey

Vault maps used:
D:1:      dpeg_arrival_simpleton_c
D:2:      uniq_terence, uniq_natasha
D:3:      nicolae_ru_path_of_blood, overflow_temple_1_default,
          chequers_ecumenical_altar_simple, uniq_ijyb, uniq_robin, uniq_jessica,
          uniq_sigmund, uniq_grinder
D:4:      dk_noncrumbling_4
D:5:      first_bread, uniq_pikel
D:6:      minmay_temple_entry_enclosed_plants, uniq_crazy_yiuf_cottage

Skill      XL: |  1  2  3  4  5 |
---------------+----------------+-----
Necromancy     | 5 6 |  6.0
Spellcasting   | 3 |  3.4
Dodging        | |  1.7
Stealth        | |  1.7

Action                   |  1- 3 |  4- 6 || total
-------------------------+-------+-------++-------
Melee: Unarmed           |    10 |       ||    10
       Dagger            |     3 |       ||     3
       Short sword       |     2 |    27 ||    29
       Tailslap          |     1 |     1 ||     2
 Cast: Pain              |    53 |    26 ||    79
       Animate Skeleton  |     2 |     1 ||     3
       Vampiric Draining |       |     4 ||     4
  Use: Potion            |     5 |     1 ||     6
       Scroll            |       |     1 ||     1
  Eat: Chunk             |     2 |     3 ||     5
Armor: Skin              |     7 |    15 ||    22
Dodge: Dodged            |     9 |    27 ||    36

Table legend:
 A = Spawn XP
 B = Non-spawn XP
 C = Spawn XP percentage of total XP
 D = Spawn monster count
 E = Non-spawn monster count
 F = Spawn count percentage of total count
 G = Total turns spent on level
                    A         B        C        D         E        F      G
               +---------+---------+-------+---------+---------+-------+---------
         Total |       0 |     279 |   0.0 |       0 |      41 |   0.0 |  1653
               +---------+---------+-------+---------+---------+-------+---------
           D:1 |       0 |      36 |   0.0 |       0 |      18 |   0.0 |   710
           D:2 |       0 |      67 |   0.0 |       0 |       9 |   0.0 |   424
           D:3 |       0 |       2 |   0.0 |       0 |       1 |   0.0 |    60
           D:4 |       0 |      83 |   0.0 |       0 |       3 |   0.0 |   140
           D:5 |       0 |      91 |   0.0 |       0 |      10 |   0.0 |   313
               +---------+---------+-------+---------+---------+-------+---------

Table legend:
 A = Turns spent in this place as a percentage of turns spent in the entire game.
 B = Non-inter-level travel turns spent in this place as a percentage of non-inter-level travel turns spent in the entire game.
 C = Inter-level travel turns spent in this place as a percentage of turns spent in this place.
 D = Turns resting spent in this place as a percentage of non-inter-level travel turns spent in this place.
 E = Turns spent auto-exploring this place as a percentage of non-inter-level travel turns spent in this place.
 F = Non-inter-level travel turns spent in this place divided by the number of levels of this place that you've seen.
                   A       B       C       D       E      F
               +-------+-------+-------+-------+-------+----------------------
         Total | 100.0 | 100.0 |   4.2 |   2.0 |   0.0 | 264.0
       Dungeon | 100.0 | 100.0 |   4.2 |   2.0 |   0.0 | 264.0
               +-------+-------+-------+-------+-------+----------------------

Table legend:
 A = Kills in this place as a percentage of kills in entire the game.
 B = Kills by you in this place as a percentage of kills by you in the entire game.
 C = Kills by friends in this place as a percentage of kills by friends in the entire game.
 D = Other kills in this place as a percentage of other kills in the entire game.
 E = Experience gained in this place as a percentage of experience gained in the entire game.
 F = Experience gained in this place divided by the number of levels of this place that you have seen.
                   A       B       C       D       E      F
               +-------+-------+-------+-------+-------+----------------------
         Total | 100.0 | 100.0 |   N/A |   N/A | 100.0 |  46.5
       Dungeon | 100.0 | 100.0 |   N/A |   N/A | 100.0 |  46.5
               +-------+-------+-------+-------+-------+----------------------

Vault maps used:
D:1:      dpeg_arrival_simpleton_c
D:2:      uniq_terence, uniq_natasha
D:3:      nicolae_ru_path_of_blood, overflow_temple_1_default,
          chequers_ecumenical_altar_simple, uniq_ijyb, uniq_robin, uniq_jessica,
          uniq_sigmund, uniq_grinder
D:4:      dk_noncrumbling_4
D:5:      first_bread, uniq_pikel
D:6:      minmay_temple_entry_enclosed_plants, uniq_crazy_yiuf_cottage
